Map: [ESL] Ancient Cistern

Players

Fjant - Winner!

  • Race: Zerg Zerg
  • Spawn Location: 7:00

FightingFrog

  • Race: Protoss Protoss
  • Spawn Location: 1:00

Event: ESL SC2 Masters 2023 Summer (Finals)

VOD

Have the link to the VOD?

Description

Time

  • Played on: June 16, 2023, 10:05 a.m.
  • Length: 13:57

All games in this series

Show
View Real Time Build Order
Export as new Build Order

Fjant Zerg - Winner!

Build Orders: Hatch First, Lurkers 

Get SALT Encoding   

  12  0:01  Drone  
  13  0:11  Overlord  
  13  0:17  Drone  
  14  0:31  Drone x2  
  16  0:47  Hatchery  
  15  0:51  Drone  
  15  0:54  Drone  
  17  0:58  Drone  
  18  1:08  Extractor  
  17  1:13  Spawning Pool  
  17  1:16  Drone  
  17  1:19  Drone  
  18  1:28  Drone  
  19  1:39  Drone  
  20  1:50  Drone  
  21  1:59  Queen  
  21  2:00  Queen, Zergling x2  
  27  2:01  Zergling x2  
  27  2:14  Metabolic Boost  
  27  2:16  Overlord  
  27  2:18  Drone  
  28  2:31  Hatchery  
  28  2:33  Drone  
  28  2:39  Zergling x4  
  28  2:42  Drone  
  31  2:47  Queen  
  31  2:50  Overlord  
  33  2:52  Drone  
  33  2:55  Drone  
  34  3:09  Queen, Drone  
  36  3:14  Drone x2  
  38  3:20  Drone x4  
  38  3:25  Queen  
  44  3:29  Overlord  
  44  3:46  Zergling x12  
  51  3:48  Zergling x2  
  50  3:59  Drone x3  
  52  4:07  Drone  
  52  4:08  Drone x2, Evolution Chamber  
  54  4:14  Overlord  
  54  4:16  Drone x2  
  56  4:19  Overlord  
  56  4:20  Drone x2  
  56  4:21  Overlord  
  58  4:26  Overlord  
  58  4:35  Zergling x6  
  58  4:36  Zergling x2  
  60  4:39  Zergling x4  
  60  4:44  Zergling x6  
  65  4:46  Zerg Melee Weapons Level 1  
  65  4:49  Zergling x8  
  67  4:54  Zergling x4  
  67  4:57  Drone  
  70  5:01  Drone x3  
  73  5:07  Overlord  
  73  5:08  Drone  
  73  5:13  Overlord  
  73  5:15  Drone x3  
  73  5:16  Drone x3, Hatchery  
  73  5:18  Drone  
  78  5:23  Drone x2  
  78  5:24  Lair  
  78  5:26  Spore Crawler  
  78  5:28  Spore Crawler  
  78  5:29  Drone  
  78  5:32  Spore Crawler  
  77  5:36  Drone  
  77  5:40  Extractor  
  77  5:41  Drone  
  77  5:42  Zergling x10  
  83  5:49  Overlord  
  78  5:57  Zergling x16  
  78  6:00  Zergling x6  
  85  6:09  Zergling x6  
  88  6:15  Drone x2  
  90  6:21  Drone x4  
  90  6:23  Drone x2  
  90  6:24  Hydralisk Den  
  94  6:26  Drone x3  
  94  6:28  Drone, Baneling Nest  
  95  6:33  Zergling x2  
  95  6:38  Zergling x4  
  89  6:40  Zergling x8  
  89  6:44  Extractor  
  89  6:46  Overlord  
  90  6:47  Drone  
  90  6:52  Drone x8  
  98  6:54  Muscular Augments  
  98  6:56  Zerg Melee Weapons Level 2  
  98  6:58  Zergling x2  
  94  7:02  Zergling x6  
  97  7:09  Drone x3  
  97  7:11  Queen x3  
  97  7:12  Extractor  
  97  7:13  Extractor  
  104  7:20  Overlord, Spore Crawler  
  104  7:22  Drone x2  
  105  7:25  Hydralisk x4  
  105  7:29  Hydralisk, Drone x7  
  120  7:36  Hydralisk  
  124  7:42  Hydralisk x2  
  130  7:44  Zergling x6  
  130  7:46  Extractor  
  130  7:51  Hydralisk x2  
  130  7:53  Overlord  
  130  7:56  Hydralisk  
  136  8:05  Extractor  
  134  8:07  Drone, Overlord  
  134  8:09  Centrifugal Hooks  
  135  8:15  Hydralisk x3, Drone x2  
  135  8:17  Overlord  
  143  8:20  Overlord  
  143  8:24  Hatchery  
  143  8:26  Hydralisk x4  
  144  8:28  Zergling x2  
  149  8:34  Overlord  
  149  8:37  Grooved Spines  
  149  8:40  Extractor, Drone x3  
  148  8:42  Infestation Pit  
  148  8:47  Hydralisk x3  
  153  8:50  Zergling x12  
  153  8:54  Hydralisk x3  
  165  8:56  Baneling  
  165  8:58  Baneling  
  164  9:05  Hydralisk x2  
  164  9:08  Zergling x6  
  167  9:13  Overlord x2  
  165  9:23  Baneling x6  
  165  9:25  Overseer  
  165  9:27  Hive  
  165  9:31  Lurker Den  
  164  9:33  Zergling x6  
  164  9:34  Zergling x12  
  164  9:36  Spore Crawler  
  164  9:37  Spore Crawler x3  
  160  9:50  Zergling x38  
  171  9:56  Zergling x4  
  171  9:57  Zergling x12, Overseer  
  179  10:02  Zergling x2  
  179  10:03  Baneling x15  
  179  10:04  Burrow  
  179  10:06  Zergling x4  
  182  10:10  Baneling x5  
  182  10:16  Baneling x8  
  160  10:33  Baneling x2  
  158  10:36  Drone x11  
  158  10:39  Overseer, Seismic Spines  
  169  10:44  Zergling x20  
  169  10:46  Lurker  
  169  10:47  Hatchery, Lurker  
  180  10:53  Lurker x2  
  180  10:56  Overlord  
  182  10:59  Overlord  
  182  11:01  Overlord  
  182  11:06  Overseer  
  171  11:21  Hydralisk x11  
  174  11:25  Zergling x14  
  174  11:26  Zergling x8  
  174  11:30  Zergling x4  
  180  11:36  Adaptive Talons  
  180  11:39  Overlord x7  
  174  11:47  Overlord  
  174  11:58  Zergling x2  
  174  11:59  Zergling x14  
  172  12:09  Zergling x2  
  172  12:10  Zergling x14  
  172  12:12  Hydralisk  
  165  12:16  Adrenal Glands  
  165  12:17  Hydralisk x6  
  165  12:20  Hydralisk  
  166  12:25  Zergling x2  
  166  12:32  Overseer  
  166  12:34  Zergling x6  
  166  12:35  Zergling x4  
  170  12:43  Zergling x12  
  176  12:49  Zergling x6  
  176  12:50  Lurker x6  
  180  12:51  Lurker  
  180  12:52  Lurker x4  
  180  12:54  Overseer  
  180  12:56  Pneumatized Carapace  
  180  12:57  Zergling x6  
  187  13:03  Spine Crawler  
  187  13:05  Spine Crawler  
  185  13:06  Spine Crawler x2  
  185  13:07  Drone x2  
  185  13:08  Spore Crawler  
  185  13:09  Spine Crawler  
  180  13:14  Zergling x2  
  180  13:15  Zergling x20  
  182  13:25  Zergling x2  
  182  13:26  Zergling x12  
Show
View Real Time Build Order
Export as new Build Order

FightingFrog Protoss 

Build Orders: 1 Gate Expand, Oracle Opening 

Get SALT Encoding   

  12  0:00  Probe  
  13  0:12  Probe  
  14  0:17  Pylon  
  14  0:24  Probe (Chrono Boost)  
  16  0:36  Probe (Chrono Boost)  
  16  0:37  Gateway  
  16  0:43  Probe (Chrono Boost)  
  16  0:46  Assimilator  
  17  0:50  Probe  
  18  1:03  Probe  
  19  1:15  Probe  
  20  1:24  Nexus  
  20  1:27  Probe  
  21  1:36  Cybernetics Core  
  21  1:39  Probe  
  22  1:45  Pylon  
  22  1:52  Assimilator  
  22  1:54  Probe  
  23  2:06  Probe  
  24  2:10  Adept (Chrono Boost)  
  24  2:13  Warp Gate  
  26  2:18  Probe  
  27  2:30  Probe, Adept (Chrono Boost)  
  27  2:36  Probe  
  31  2:39  Stargate  
  31  2:42  Probe  
  32  2:48  Probe  
  33  2:54  Probe  
  34  3:00  Probe  
  35  3:06  Probe  
  35  3:09  Gateway  
  34  3:13  Probe, Adept  
  34  3:19  Nexus  
  37  3:21  Probe  
  37  3:23  Oracle (Chrono Boost)  
  41  3:28  Probe  
  41  3:33  Probe  
  43  3:38  Pylon  
  43  3:40  Probe, Assimilator  
  44  3:45  Probe  
  45  3:52  Probe, Twilight Council  
  46  3:57  Probe  
  47  4:04  Probe  
  47  4:07  Gateway  
  47  4:08  Pylon  
  49  4:10  Probe, Oracle (Chrono Boost)  
  49  4:16  Probe  
  53  4:20  Pylon  
  53  4:24  Shield Battery  
  53  4:26  Pylon  
  53  4:31  Probe x2, Gateway  
  55  4:33  Probe  
  55  4:35  Stalker  
  56  4:40  Stalker  
  56  4:43  Probe  
  56  4:44  Probe  
  60  4:49  Probe  
  61  4:55  Probe  
  61  4:56  Probe  
  63  5:01  Probe (Chrono Boost)  
  63  5:02  Blink (Chrono Boost)  
  63  5:06  Stalker x3  
  70  5:12  Probe (Chrono Boost)  
  73  5:14  Probe (Chrono Boost)  
  74  5:21  Probe (Chrono Boost)  
  74  5:22  Probe (Chrono Boost)  
  74  5:25  Nexus  
  74  5:26  Oracle  
  77  5:31  Probe, Assimilator  
  78  5:41  Pylon  
  78  5:45  Forge  
  78  5:56  Probe x2  
  76  5:59  Zealot x3  
  76  6:00  Zealot, Oracle (Chrono Boost)  
  75  6:08  Probe x2  
  75  6:10  Pylon  
  77  6:20  Probe, Protoss Ground Armor Level 1 (Chrono Boost)  
  77  6:21  Probe  
  77  6:23  Stalker x2  
  77  6:24  Stalker  
  85  6:30  Oracle  
  88  6:33  Probe x2  
  88  6:35  Zealot  
  82  6:42  Shield Battery  
  82  6:45  Probe, Pylon  
  82  6:46  Probe  
  82  6:47  Pylon  
  82  6:51  Templar Archives, Stalker  
  82  6:52  Gateway  
  84  6:56  Zealot x2  
  88  7:08  Nexus  
  88  7:19  Pylon  
  88  7:22  Stalker x4  
  96  7:23  Psionic Storm  
  96  7:34  Pylon  
  96  7:46  Stalker x2  
  96  7:47  Stalker x2  
  96  7:48  Zealot  
  96  7:50  Probe x2  
  108  7:53  Pylon  
  108  7:54  Protoss Ground Weapons Level 1 (Chrono Boost)  
  108  7:55  Assimilator  
  108  8:04  Assimilator  
  108  8:12  Stalker  
  110  8:17  Charge (Chrono Boost)  
  110  8:24  Robotics Facility  
  110  8:27  Zealot x4  
  116  8:40  Shield Battery  
  116  8:41  High Templar  
  118  8:49  High Templar x2  
  118  8:50  Zealot x2  
  118  8:54  Gateway  
  126  8:56  Gateway  
  126  8:57  Gateway x2  
  126  8:58  Photon Cannon  
  126  9:00  Gateway  
  123  9:08  Pylon  
  123  9:09  Pylon  
  123  9:12  High Templar  
  123  9:13  Stalker x2  
  123  9:16  Observer (Chrono Boost)  
  130  9:27  Zealot x2  
  134  9:32  Immortal (Chrono Boost)  
  134  9:38  Stalker x2  
  128  9:53  Zealot x5  
  128  9:54  Zealot x2  
  141  10:00  Zealot  
  141  10:01  High Templar x2  
  141  10:04  Observer  
  141  10:06  Archon  
  148  10:11  Pylon  
  148  10:12  Pylon  
  148  10:14  Pylon, Gateway  
  148  10:17  High Templar x2  
  138  10:28  Stalker x3  
  144  10:38  High Templar x2, Stalker x2  
  144  10:40  Immortal (Chrono Boost)  
  152  10:45  Zealot, Archon  
  158  10:56  Zealot x5  
  168  10:59  Protoss Ground Weapons Level 2 (Chrono Boost)  
  168  11:03  Gateway x2  
  168  11:11  Observer (Chrono Boost)  
  151  11:28  Zealot x2, Stalker x5  
  163  11:36  Probe  
  163  11:38  Probe x2  
  145  11:44  High Templar x2, Stalker  
  151  11:55  Probe  
  151  11:56  Probe x2  
  154  12:08  Probe x3  
  143  12:10  Archon  
  117  12:16  Archon  
  117  12:20  Probe  
  104  12:25  Zealot x6  
  110  12:32  High Templar x4  
  118  12:46  Nexus  
  112  12:55  Probe  
  112  12:56  Probe  
  114  12:59  High Templar x4  
  117  13:23  Stalker x6  
  117  13:24  Stalker  
  131  13:33  Zealot x3  
  137  13:41  Probe, Zealot  
  116  13:44  Archon x2  
  116  13:47  Zealot  
  92  13:49  Zealot x2  
Tags
 
Add a new tag
Caveats
  • Supply blocks, unpowered buildings, or Contaminate may cause inaccurate times.
  • Supply counts are checked every 10 seconds.